 Dungeon Crawl Stone Soup version 0.30-a0-3-gc9032a9cac (webtiles) character file.

Game seed: 9595107137508059431

2595 BritishOli the Trooper (level 9, -1/74 HPs)
             Began as a Demonspawn Fighter on Aug 20, 2022.
             Killed from afar by a white imp (7 damage)
             ... with a puff of frost
             ... on level 7 of the Dungeon.
             The game lasted 00:20:02 (8721 turns).

BritishOli the Trooper (Demonspawn Fighter)         Turns: 8721, Time: 00:20:03

Health: -1/74      AC: 11    Str: 35    XL:     9   Next: 33%
Magic:  9/9        EV: 10    Int:  7    God:
Gold:   419        SH:  5    Dex: 13    Spells: 8/8 levels left

rFire   + . .      SeeInvis .    a - +0 long sword
rCold   . . .      Faith    .    c - +0 buckler
rNeg    . . .      Spirit   .    b - +0 scale mail
rPois   +          Reflect  .    j - +0 helmet
rElec   +          Harm     .    (no cloak)
rCorr   .          Rampage  .    i - +0 pair of gloves of Nefeub {rElec rF+ Str+8 Int-2}
Will    .....                    n - +0 pair of boots
Stlth   ..........               (no amulet)
HPRegen 0.22/turn                s - ring of poison resistance
MPRegen 0.11/turn                z - +6 ring of strength

@: no status effects
A: powered by death 2, sturdy frame 1, demonic magic 1, weakness stinger 1
a: no special abilities


You were on level 7 of the Dungeon.
You visited 2 branches of the dungeon, and saw 8 of its levels.
You also visited: Sewer.

You collected 419 gold pieces.

Inventory:

Hand Weapons
 a - a +0 long sword (weapon)
Missiles
 h - 3 throwing nets (quivered)
Armour
 b - a +0 scale mail (worn)
 c - a +0 buckler (worn)
 i - the +0 pair of gloves of Nefeub (worn) {rElec rF+ Str+8 Int-2}
   (You found it on level 2 of the Dungeon)

   Str:       It affects your strength (+8).
   Int:       It affects your intelligence (-2).
   rF:        It protects you from fire.
   rElec:     It insulates you from electricity.
 j - a +0 helmet (worn)
 n - a +0 pair of boots (worn)
 r - the +0 pair of gloves of Xom's Scorn {rF+}
   (You found it in a sewer)

   rF:        It protects you from fire.
Jewellery
 s - a ring of poison resistance (left hand)
 z - a +6 ring of strength (right hand)
Wands
 A - a wand of light (9)
 C - a wand of paralysis (14)
Scrolls
 e - 3 scrolls of teleportation
 k - a scroll of enchant armour {unknown}
 o - a scroll of enchant weapon {unknown}
 t - a scroll of blinking {unknown}
 u - a scroll of poison {unknown}
 v - 2 scrolls of identify {unknown}
 y - a scroll of fog {unknown}
 D - a scroll of summoning {unknown}
Potions
 d - a potion of might
 f - a potion of mutation {unknown}
 g - a potion of brilliance {unknown}
 l - 2 potions of attraction {unknown}
 m - 5 potions of lignification {unknown}
 p - 2 potions of flight {unknown}
 q - a potion of cancellation {unknown}
 w - a potion of berserk rage {unknown}
 x - a potion of degeneration {unknown}
 B - a potion of curing {unknown}


   Skills:
 * Level 7.8 Fighting
 * Level 6.8 Long Blades
 + Level 5.6 Armour
 + Level 5.5 Shields


You had 8 spell levels left.
You didn't know any spells.
Your spell library contained the following spells:

 Spells                   Type           Power      Damage    Failure   Level
 Summon Small Mammal      Summ           0%         N/A       65%         1
 Call Canine Familiar     Summ           0%         N/A       95%         3
 Summon Guardian Golem    Hex/Summ       0%         N/A       95%         3
 Chain Lightning          Conj/Air       0%         N/A       100%        9
 Fire Storm               Conj/Fire      0%         5d1       100%        9
 Shatter                  Erth           0%         3d5*      100%        9


Dungeon Overview and Level Annotations

Branches:
Dungeon (7/15)             Temple (1/1) D:5           Sewer (visited)

Altars:
Cheibriados
Dithmenos
Fedhas
Gozag
Hepliaklqana
Kikubaaqudgha
Makhleb
Nemelex Xobeh
Qazlal
Ru
Sif Muna
Trog
Uskayaw
Vehumet
Wu Jian
Xom

Annotations:
D:4 1 runed translucent door, Crazy Yiuf


Innate Abilities, Weirdness & Mutations

You regenerate health from kills.
Your movements are slightly less encumbered by armour. (ER -2)
Spells you cast may paralyse adjacent enemies.
You have a small tail.


Message History

You block the orc warrior's attack.
You hit the orc warrior.
The orc warrior is lightly wounded.
You block the orc warrior's attack.
You hit the orc warrior but do no damage.
Your tail-slap misses the orc warrior.
The orc warrior is lightly wounded.
The orc warrior hits you with a +0 dire flail!
You are too injured to fight recklessly!
You are too injured to fight recklessly!
You hit the orc warrior.
The orc warrior is lightly wounded.
You block the orc warrior's attack. The orc warrior closely misses you.
You closely miss the orc warrior.
The orc warrior is lightly wounded.
The orc warrior hits you but does no damage.
You hit the orc warrior but do no damage.
The orc warrior is lightly wounded.
The orc warrior hits you with a +0 dire flail!
* * * LOW HITPOINT WARNING * * *
As you read the scroll of teleportation, it crumbles to dust.
You feel strangely unstable. The orc warrior closely misses you.
The orc warrior attacks as you move away!
The orc warrior hits you with a +0 dire flail!
* * * LOW HITPOINT WARNING * * *
Your surroundings suddenly seem different.
A white imp comes into view.
Found a stone staircase leading down.
The white imp shouts, "Flee, thou weedy flap-mouthed lout!"
The white imp gestures at you. You block the puff of frost.
The white imp disappears for a moment.
Found 16 gold pieces.
The white imp gestures at you. The puff of frost hits you!
* * * LOW HITPOINT WARNING * * *
You barely miss the white imp. The white imp gestures at you.
The puff of frost hits you!
You die...

#.# ## # #.# ..
. #.# 5#.# #.#
.#.# #.####...
#.#....# #
######.#.#.##..#
#.5...........#
#@########.#...#
#.# ##......>
#.# #..##.# #.#
#.# # #$# .# #.#
# #$# #.. ###


You could see a white imp.

Vanquished Creatures
  Grinder (D:5)
  4 yaks (D:5)
  Menkaure (D:5)
  2 water moccasins
  2 ice beasts
  A black bear (D:5)
  An orc warrior (D:7)
  2 bullfrogs (Sewer)
  A necrophage (D:6)
  4 scorpions
  2 howler monkeys
  3 hounds
  An orc priest (D:6)
  A gnoll bouda (D:6)
  Ijyb (D:4)
  5 iguanas
  2 orc wizards
  8 gnolls
  8 adders
  A white imp (D:6)
  3 dart slugs
  19 orcs
  A bat (D:1)
  An endoplasm (D:3)
  14 giant cockroaches
  8 goblins
  2 hobgoblins (D:1)
  7 jackals
  5 quokkas
  4 ball pythons
  8 frilled lizards
  3 kobolds
  7 rats
133 creatures vanquished.

Vanquished Creatures (others)
  5 withered plants (D:6)
5 creatures vanquished.

Grand Total: 138 creatures vanquished

Notes
Turn   | Place    | Note
-------+----------+-------------------------------------------
     0 | D:1      | BritishOli the Demonspawn Fighter began the quest for the
                  | Orb.
     0 | D:1      | Reached XP level 1. HP: 18/18 MP: 1/1
   525 | D:1      | Gained mutation: Your movements are slightly less
                  | encumbered by armour. (ER -2) [demonic ancestry]
   525 | D:1      | Reached XP level 2. HP: 23/24 MP: 2/2
   963 | D:2      | Identified the +0 pair of gloves of Nefeub {rElec rF+ Str+8
                  | Int-2}
  1246 | D:2      | Gained mutation: You regenerate a little health from kills.
                  | [demonic ancestry]
  1246 | D:2      | Reached XP level 3. HP: 29/29 MP: 3/3
  1313 | D:2      | Found a sparkling altar of Nemelex Xobeh.
  2525 | D:3      | Found a faded altar of an unknown god.
  3045 | D:4      | Noticed a scorpion
  3251 | D:4      | Reached XP level 4. HP: 35/35 MP: 4/4
  3257 | D:4      | Found a glowing drain.
  3261 | Sewer    | Entered a sewer
  3512 | Sewer    | Noticed a bullfrog
  3514 | Sewer    | Noticed a bullfrog
  3665 | Sewer    | Killed a bullfrog
  3666 | Sewer    | Reached skill level 4 in Fighting
  3666 | Sewer    | Gained mutation: You have a small tail. [demonic ancestry]
  3666 | Sewer    | Reached XP level 5. HP: 39/42 MP: 5/5
  3722 | Sewer    | Identified the +0 pair of gloves of Xom's Scorn {rF+}
  3891 | D:4      | Found a runed translucent door.
  3892 | D:4      | Noticed Crazy Yiuf
  3973 | D:4      | Reached XP level 6. HP: 27/49 MP: 6/6
  4138 | D:4      | Noticed an angel
  4398 | D:5      | Entered Level 5 of the Dungeon
  4400 | D:5      | Noticed Ijyb
  4469 | D:4      | HP: 2/50 [disintegration (8)]
  4470 | D:4      | Killed Ijyb
  4860 | D:5      | Reached skill level 5 in Fighting
  4860 | D:5      | Reached XP level 7. HP: 32/56 MP: 7/7
  5671 | D:5      | Noticed Grinder
  5677 | D:5      | Paralysed by Grinder for 4 turns
  5693 | D:5      | Killed Grinder
  5694 | D:5      | Reached skill level 6 in Fighting
  5694 | D:5      | Reached skill level 5 in Long Blades
  5694 | D:5      | Gained mutation: You regenerate health from kills. [demonic
                  | ancestry]
  5694 | D:5      | Reached XP level 8. HP: 35/64 MP: 8/8
  5935 | D:5      | Noticed Menkaure
  5950 | D:5      | Killed Menkaure
  6103 | D:5      | Found a staircase to the Ecumenical Temple.
  6109 | Temple   | Entered the Ecumenical Temple
  6882 | D:6      | Found an ancient bone altar of Kikubaaqudgha.
  7161 | D:5      | Reached skill level 5 in Armour
  7161 | D:5      | Reached skill level 5 in Shields
  7393 | D:6      | Reached skill level 7 in Fighting
  7718 | D:5      | Gained mutation: Spells you cast may paralyse adjacent
                  | enemies. [demonic ancestry]
  7718 | D:5      | Reached XP level 9. HP: 24/72 MP: 9/9
  8721 | D:7      | Killed from afar by a white imp

Illustrated notes

Levels and vault maps discovered:
D:1:      minmay_arrival_doors, layout_basic, minmay_pentomino_v2
D:2:      layout_rooms, serial_glass, glass_columns_b, glass_columns_c,
          basic_altar, patterned_corridor
D:3:      layout_basic, chequers_ecumenical_altar_twisty, hex_tiny,
          amcnicky_mini_pool_small
D:4:      layout_rooms, zin_angel, gup_sewer_entry_bowl, uniq_crazy_yiuf_cottage
D:5:      layout_cave_pods, minmay_temple_entry_enclosed_plants, uniq_ijyb,
          uniq_menkaure, uniq_grinder
D:6:      layout_cave_pools, kiku_gazebo_garden_becter
D:7:      layout_loops_ring, serial_shops, nicolae_shop_advertising_works
          [nicolae_subvault_shop_adworks]
Temple:   minmay_temple_bridge_d

Skill      XL: |  1  2  3  4  5  6  7  8 |
---------------+-------------------------+-----
Long Blades    | 2 3 4 5 6 |  6.8
Armour         | 3 4 5 |  5.6
Shields        | 3 4 5 |  5.5
Fighting       | 4 5 6 7 |  7.8

Action                   |  1- 3 |  4- 6 |  7- 9 || total
-------------------------+-------+-------+-------++-------
Melee: Long sword        |   145 |   192 |   335 ||   672
       Tailslap          |       |    15 |    63 ||    78
Evoke: Wand              |       |       |     3 ||     3
  Use: Scroll            |     1 |     1 |     3 ||     5
       Potion            |       |     1 |       ||     1
Armor: Scale mail        |    87 |   119 |   142 ||   348
Dodge: Dodged            |    82 |   127 |   125 ||   334
Block: Buckler           |    36 |    43 |    87 ||   166

Table legend: (Time is in decaauts)
 A = Elapsed time spent in this place.
 B = Non-inter-level travel time spent in this place.
 C = Inter-level travel time spent in this place.
 D = Time resting spent in this place.
 E = Time spent auto-exploring this place.
 F = Levels seen in this place.
 G = Mean time per level.
                   A        B        C        D        E       F      G
               +--------+--------+--------+--------+--------+-----+--------+
         Total |   8987 |   8200 |    787 |   2124 |   4113 |   9 |  998.6 |
       Dungeon |   8232 |   7547 |    685 |   2092 |   3959 |   7 | 1176.0 |
        Temple |    166 |     64 |    102 |      0 |     59 |   1 |  166.0 |
         Sewer |    588 |    588 |      0 |     32 |     94 |   1 |  588.0 |
               +--------+--------+--------+--------+--------+-----+--------+

Top non-repeatable levels by time:
     D:5: 2875 daAuts
     D:4: 1505 daAuts
     D:3: 1290 daAuts
     D:1: 905 daAuts
     D:2: 742 daAuts
     D:6: 668 daAuts
   Sewer: 588 daAuts
     D:7: 245 daAuts
  Temple: 166 daAuts
